 Dungeon Crawl Stone Soup version 0.31-a0-145-g046c7d2549 (webtiles) character file.

Game seed: 16985868244335467173

3991 Ijustatesigmund the Conjurer (level 10, 0/63 HPs)
             Began as an Octopode Venom Mage on June 7, 2023.
             Succumbed to a wight's poison
             ... on level 8 of the Dungeon.
             The game lasted 00:31:59 (12253 turns).

Ijustatesigmund the Conjurer (Octopode Venom Mage) Turns: 12253, Time: 00:32:00

Health: 0/63       AC:  1    Str:  7    XL:     10   Next: 23%
Magic:  14/17      EV: 14    Int: 22    God:
Gold:   358        SH:  5    Dex: 13    Spells: 3/18 levels left

rFire   . . .        f - staff of air
rCold   . . .        (no shield)
rNeg    . . .        (helmet restricted)
rPois   .            q - amulet of reflection
rElec   +            h - ring of resist corrosion
rCorr   +            (no ring)
SInv    .            (no ring)
Will    .....        (no ring)
Stlth   +++          (no ring)
HPRegen 0.30/turn    (no ring)
MPRegen 0.15/turn    (no ring)
                     (no ring)

%: reflection
@: lethally poisoned (0 -> -18), on berserk cooldown, slowed, very slow
A: almost no armour, amphibious, 8 rings, camouflage 1, gelatinous body 1,
(nimble swimmer 1), tentacles
a: no special abilities


You were on level 8 of the Dungeon.
You visited 1 branch of the dungeon, and saw 8 of its levels.
You also visited: Sewer.

You collected 423 gold pieces.
You spent 65 gold pieces at shops.

Inventory:

Hand Weapons
 b - a +1 war axe of protection
 m - the +7 falchion of Wiej {venom, rF+ rC+}
   (You found it on level 6 of the Dungeon)

   rF:        It protects you from fire.
   rC:        It protects you from cold.
Missiles
 g - a curare-tipped dart
 v - 2 throwing nets
Magical Staves
 f - a staff of air (weapon)
Jewellery
 h - a ring of resist corrosion (left tentacle)
 q - an amulet of reflection (around mantle)
 s - a ring of fire
Wands
 e - a wand of iceblast (3)
 r - a wand of paralysis (3)
 t - a wand of digging (7)
Scrolls
 j - a scroll of enchant weapon
 n - a scroll of noise
 o - 2 scrolls of amnesia
 p - 3 scrolls of identify
Potions
 a - a potion of berserk rage
 i - a potion of attraction
 k - 2 potions of mutation
 l - a potion of enlightenment


   Skills:
 - Level 4.0 Fighting
 - Level 2.1 Staves
 - Level 4.2 Dodging
 - Level 2.6 Stealth
 - Level 4.7 Spellcasting
 + Level 7.2 Conjurations
 + Level 6.3 Transmutations
 - Level 4.5 Air Magic
 - Level 6.7 Poison Magic
 - Level 3.0 Evocations


You had 3 spell levels left.
You knew the following spells:

 Your Spells              Type           Power      Damage    Failure   Level
a - Sting                 Tmut/Pois      100%       1d8       1%          1
b - Poisonous Vapours     Pois/Air       90%        N/A       1%          2
c - Mephitic Cloud        Conj/Pois/Air  48%        N/A       2%          3
d - Olgreb's Toxic Radia  Pois           35%        N/A       6%          4
e - Irradiate             Conj/Tmut      17%        3d17      19%         5

Your spell library contained the following spells:

 Spells                   Type           Power      Damage    Failure   Level
 Dazzling Flash           Conj/Hex       42%        N/A       7%          3
 Sublimation of Blood     Necr           5%         N/A       16%         2
 Volatile Blastmotes      Fire/Tloc      10%        2d10      30%         3
 Iskenderun's Mystic Bla  Conj/Tloc      21%        2d6       24%         4
 Petrify                  Tmut/Erth      19%        N/A       28%         4
 Cause Fear               Hex            2%         N/A       71%         4
 Starburst                Conj/Fire      10%        6d5       98%         6
 Dragon Form              Tmut           16%        N/A       100%        7
 Dragon's Call            Summ           2%         N/A       100%        9


Dungeon Overview and Level Annotations

Branches:
Dungeon (8/15)             Temple (0/1) D:6           Sewer (visited)
   Lair: D:8-11

Altars:
Gozag
Hepliaklqana
Makhleb
Okawaru
Qazlal
Uskayaw
Vehumet
Xom

Shops:
D:4 **   D:5 [

Annotations:
D:5 Pikel
D:6 exclusion: statue


Innate Abilities, Weirdness & Mutations

You cannot wear most types of armour.
You are amphibious.
You can wear up to eight rings at the same time.
Your skin changes colour to match your surroundings (Stealth+).
Your rubbery body absorbs attacks. (AC +1, EV +1)
((You are camouflaged when in or above water. (Stealth+)))
You have tentacles for arms and can constrict up to eight enemies at once.


Message History

You feel sick. The wight misses you.
The wight hits you from afar with a +0 spear of venom!
You are more poisoned.
Your life force feels restored.
You hit the wight. Your grab misses the wight.
The wight is lightly damaged.
You feel very sick.
You hit the wight. You grab the wight.
The wight is moderately damaged.
You constrict the wight, but do no damage.
You feel very sick.
The wight hits you with a +3 long sword of freezing!
* * * LOW HITPOINT WARNING * * *
The wight freezes you.
* * * LOW HITPOINT WARNING * * *
You block the wight's attack.
You hit the wight but do no damage.
The wight is electrocuted.
The wight is severely damaged.
You constrict the wight, but do no damage.
* * * LOW HITPOINT WARNING * * *
You feel very sick. The wight completely misses you.
The wight hits you from afar with a +0 spear of venom.
* * * LOW HITPOINT WARNING * * *
You are more poisoned.
You are too berserk!
You hit the wight.
The wight is electrocuted.
You destroy the wight!
* * * LOW HITPOINT WARNING * * *
You feel very sick.
* * * LOW HITPOINT WARNING * * *
You feel very sick. The wight completely misses you.
Things that are here:
a +3 flail of freezing; a +0 robe You feel a strong urge to attack something.
You are no longer berserk.
You are exhausted.
You feel yourself slow down.
You die...

#........#..##+###......
#........#..#...........
#........#..'......)....
#....#+###+##........?..
+.....#..#...............
+.....+..'....###z####+##
##....####....#.).......+
............#)).......#
........#####@....##'##
####....#.........# ..
#....#..##.....# #....#.
#.....# #....# ......+
#....# ##.....# ###...
#.....# #+#####


You could see a wight.

Vanquished Creatures
  Amaemon (D:8)
  An orange demon (D:8)
  Eustachio (D:5)
  Edmund (D:5)
  Menkaure (D:4)
  A water moccasin (D:8)
  An ice beast (D:5)
  A sky beast (D:6)
  3 black bears
  An ogre (D:4)
  A centaur (D:7)
  A kobold brigand (D:7)
  3 lemures (D:5)
  3 phantoms
  3 bullfrogs
  2 scorpions
  5 wights
  A jelly (D:4)
  5 killer bees (D:6)
  2 howler monkeys
  2 gnoll boudas (D:5)
  2 orc priests
  6 hounds
  3 sleepcaps
  2 orc wizards
  7 gnolls (D:5)
  A river rat (D:4)
  15 adders
  An ufetubus (D:5)
  6 worms
  14 dart slugs
  17 orcs
  9 endoplasms
  16 giant cockroaches
  11 goblins
  6 hobgoblins
  3 jackals (D:2)
  13 quokkas
  8 ball pythons
  4 bats
  13 frilled lizards
  13 kobolds
  5 rats
215 creatures vanquished.

Notes
Turn   | Place    | Note
-------+----------+-------------------------------------------
     0 | D:1      | Ijustatesigmund the Octopode Venom Mage began the quest for
                  | the Orb.
     0 | D:1      | Reached XP level 1. HP: 11/11 MP: 3/3
   136 | D:1      | Reached XP level 2. HP: 18/18 MP: 3/5
   139 | D:1      | Learned a level 2 spell: Poisonous Vapours
   695 | D:1      | Found a faded altar of an unknown god.
   921 | D:2      | Reached skill level 1 in Fighting
  1025 | D:2      | Reached XP level 3. HP: 23/23 MP: 1/6
  1029 | D:2      | Learned a level 3 spell: Mephitic Cloud
  1172 | D:2      | Reached skill level 1 in Air Magic
  1255 | D:2      | Reached XP level 4. HP: 17/28 MP: 5/7
  1381 | D:2      | Reached skill level 1 in Conjurations
  2646 | D:3      | Found a hide-covered altar of Uskayaw.
  2757 | D:3      | Reached XP level 5. HP: 33/33 MP: 4/9
  3234 | D:3      | Found a faded altar of an unknown god.
  3238 | D:3      | Found a burning altar of Makhleb.
  3763 | D:3      | Found a hazy altar of Hepliaklqana.
  4025 | D:4      | You fall into a shaft and drop 1 floor!
  4025 | D:5      | Entered Level 5 of the Dungeon
  4034 | D:5      | Found Zimiejae's Armour Shop.
  4043 | D:5      | Found an opulent altar of Gozag.
  4058 | D:5      | Reached skill level 2 in Conjurations
  4075 | D:5      | Noticed an ice beast
  4119 | D:4      | Noticed a phantom
  4194 | D:4      | Found Xuaffule's General Store.
  4223 | D:4      | Reached XP level 6. HP: 38/38 MP: 7/10
  4238 | D:4      | Reached skill level 5 in Poison Magic
  4295 | D:4      | Noticed Menkaure
  4315 | D:4      | Killed Menkaure
  4405 | D:4      | Found a glowing drain.
  4415 | Sewer    | Entered a sewer
  5420 | Sewer    | Reached skill level 3 in Conjurations
  5420 | Sewer    | Reached XP level 7. HP: 29/43 MP: 7/12
  6287 | D:4      | Reached skill level 1 in Staves
  6603 | D:4      | Identified the +6 sling of Fragile Peace {drain, Fragile
                  | +Blink Fly rC+}
  6617 | D:4      | Learned a level 4 spell: Olgreb's Toxic Radiance
  6650 | D:4      | Bought a scroll of teleportation for 39 gold pieces
  6650 | D:4      | Bought a scroll of identify for 26 gold pieces
  6815 | D:4      | Found Pufo Muimie's Assorted Antiques.
  6882 | D:4      | Found an iron altar of Okawaru.
  6888 | D:4      | Reached XP level 8. HP: 42/50 MP: 9/14
  7615 | D:5      | Reached skill level 1 in Evocations
  8158 | D:6      | Identified the +7 falchion of Wiej {venom, rF+ rC+}
  8192 | D:6      | Found a stormy altar of Qazlal.
  8369 | D:6      | Found a staircase to the Ecumenical Temple.
  8637 | D:6      | Reached XP level 9. HP: 51/58 MP: 10/15
  8698 | D:6      | Learned a level 5 spell: Irradiate
  8752 | D:6      | Found a radiant altar of Vehumet.
  8959 | D:6      | Reached skill level 4 in Conjurations
  9719 | D:5      | Identified the +2 hammer "Oteng" {flame, rElec rC+ Dex+2}
  9791 | D:5      | Noticed Edmund
  9829 | D:5      | Killed Edmund
 10107 | D:5      | Noticed Eustachio
 10137 | D:5      | Killed Eustachio
 10596 | D:5      | Noticed Pikel
 11106 | D:7      | Reached skill level 5 in Conjurations
 11826 | D:7      | Found a shimmering altar of Xom.
 12203 | D:8      | Noticed Amaemon
 12216 | D:8      | Noticed an orange demon
 12217 | D:8      | Killed Amaemon
 12218 | D:8      | Reached skill level 6 in Conjurations
 12218 | D:8      | Reached skill level 5 in Transmutations
 12218 | D:8      | Reached XP level 10. HP: 62/63 MP: 17/17
 12240 | D:8      | Killed an orange demon
 12241 | D:8      | Reached skill level 7 in Conjurations
 12252 | D:8      | HP: 4/94 [poisoned by a wight]
 12253 | D:8      | Succumbed to a wight's poison

Illustrated notes

Levels and vault maps discovered:
D:1:      minmay_arrival_wavy_path, layout_basic,
          shapermc_ecumenical_altar_notcrosses, minmay_heptomino_h4
D:2:      wad_pebble_path, layout_loops_ring, minmay_misc_feat_diagonals
D:3:      layout_rooms, nicolae_overflow_crystal_walls,
          nicolae_overflow_ecumenical_swirl, nicolae_uskayaw_suspiria,
          grunt_decor_cap, grunt_ministairs_10, chequers_mini_garden,
          nicolae_kite_square_tiling_tiny
D:4:      kennysheep_slugbush, layout_gridville, okawaru_trees_1,
          cheibrodos_sewer_entry_sluice, serial_shops, shop, shop, uniq_menkaure
D:5:      layout_loops_ring, nicolae_gozag_seed_capital,
          pdpol_wu_jian_five_deadly_venoms, serial_shops, shop, uniq_pikel,
          uniq_eustachio, uniq_crazy_yiuf_cottage, uniq_edmund
D:6:      layout_basic, nicolae_qazlal_beasts_of_the_sky, vehumet_statue,
          minmay_temple_entry_statues_pillars, st_stairs_7,
          kennysheep_cross_room, hellmonk_bongcloud_opening,
          chequers_serial_rivers_small_3
D:7:      layout_cave_pools, mainiacjoe_overflow_24_doors
D:8:      layout_gridville, minitemple, overflow_temple_1_default,
          kennysheep_generic_room_6, uniq_amaemon, uniq_erica

Skill      XL: |  1  2  3  4  5  6  7  8  9 10 |
---------------+-------------------------------+-----
Fighting       | 1 2 4 |  4.0
Poison Magic   | 4 5 6 |  6.7
Air Magic      | 1 2 3 4 |  4.5
Conjurations   | 1 2 3 6 7 |  7.2
Spellcasting   | 3 4 |  4.7
Staves         | 1 2 |  2.1
Dodging        | 4 |  4.2
Evocations     | 3 |  3.0
Transmutations | 2 5 6 |  6.3
Stealth        | |  2.6

Action                     |  1- 3 |  4- 6 |  7- 9 | 10-12 || total
---------------------------+-------+-------+-------+-------++-------
  Melee: Hand axe          |     6 |       |       |       ||     6
         Tentacles         |     5 |    40 |    55 |     3 ||   103
         Constrict         |     7 |    37 |    32 |     4 ||    80
         Staff             |    30 |   158 |   276 |    17 ||   481
         Punch             |       |     6 |       |       ||     6
   Cast: Sting             |     2 |     2 |       |       ||     4
         Poisonous Vapours |    20 |    98 |    58 |     1 ||   177
         Mephitic Cloud    |       |     3 |       |       ||     3
         Olgreb's Toxic Ra |       |       |    17 |     1 ||    18
  Evoke: Wand              |       |       |     7 |     2 ||     9
    Use: Scroll            |       |     6 |    16 |       ||    22
         Potion            |       |     3 |    11 |     2 ||    16
   Stab: Sleeping          |     3 |     5 |     2 |       ||    10
         Confused          |       |     1 |       |       ||     1
 Armour: Skin              |     1 |    14 |    65 |       ||    80
  Dodge: Dodged            |    20 |   137 |   185 |    14 ||   356
  Block: Other             |       |       |    37 |     5 ||    42
         Reflection        |       |       |     1 |       ||     1

Table legend: (Time is in decaauts)
 A = Elapsed time spent in this place.
 B = Non-inter-level travel time spent in this place.
 C = Inter-level travel time spent in this place.
 D = Time resting spent in this place.
 E = Time spent auto-exploring this place.
 F = Levels seen in this place.
 G = Mean time per level.
                   A        B        C        D        E       F      G
               +--------+--------+--------+--------+--------+-----+--------+
         Total |  12299 |  12091 |    208 |   5429 |   4865 |   9 | 1366.6 |
       Dungeon |  11145 |  10937 |    208 |   4883 |   4474 |   8 | 1393.1 |
         Sewer |   1153 |   1153 |      0 |    546 |    391 |   1 | 1153.0 |
               +--------+--------+--------+--------+--------+-----+--------+

Top non-repeatable levels by time:
     D:4: 2089 daAuts
     D:2: 2035 daAuts
     D:6: 1768 daAuts
     D:5: 1591 daAuts
     D:3: 1480 daAuts
     D:7: 1278 daAuts
   Sewer: 1153 daAuts
     D:1: 811 daAuts
     D:8: 91 daAuts
